 Dungeon Crawl Stone Soup version 0.17.1-2-g5865329 (webtiles) character file.

104 PossumBlood the Shooter (level 4, -10/29 HPs)
             Began as a High Elf Hunter on Jan 24, 2016.
             Killed by divine providence
             ... invoked by an orc priest
              (14 damage)
             ... on level 3 of the Dungeon.
             The game lasted 00:05:52 (1723 turns).

PossumBlood the Shooter (High Elf Hunter)           Turns: 1723, Time: 00:05:52

Health: -10/29     AC:  4    Str: 11    XL:     4   Next: 52%
Magic:  5/5        EV: 12    Int: 14    God:
Gold:   87         SH:  0    Dex: 17    Spells: 0 memorised, 3 levels left

rFire  . . .     SeeInvis .     a - +2 shortbow
rCold  . . .     Clarity  .     c - +1 leather armour
rNeg   . . .     SustAt   .     (shield currently unavailable)
rPois  .         Gourm    .     (no helmet)
rElec  .         Spirit   .     (no cloak)
rCorr  .         Warding  .     (no gloves)
rMut   .         Stasis   .     (no boots)
MR     +....                    (no amulet)
Stlth  ++........               (no ring)
                                h - ring of protection from magic

@: somewhat resistant to hostile enchantments, unstealthy
A: no striking features
a: no special abilities


You were on level 3 of the Dungeon.
You were not hungry.

You visited 1 branch of the dungeon, and saw 3 of its levels.

You collected 87 gold pieces.

Inventory:

Hand Weapons
 a - a +2 shortbow (weapon)
 b - a +0 short sword
Missiles
 d - 5 arrows (quivered)
 s - 19 arrows of flame
Armour
 c - a +1 leather armour (worn)
Jewellery
 h - a ring of protection from magic (left hand)
Scrolls
 f - a scroll of remove curse
 p - 2 scrolls of teleportation
Potions
 j - a potion of curing
 l - a potion of degeneration
 n - a potion of brilliance {unknown}
 q - a potion of magic
 r - a potion of heal wounds {unknown}
Comestibles
 e - a bread ration
 k - 4 beef jerkies


   Skills:
 - Level 2.0 Fighting
 + Level 7.9 Bows
 - Level 2.1 Dodging
 - Level 1.1 Stealth


You had 3 spell levels left.
You didn't know any spells.

Dungeon Overview and Level Annotations

Branches:
Dungeon (3/15)

Altars:
Nemelex Xobeh
Ru
Xom
The Shining One


Message History

* * * LOW HITPOINT WARNING * * *
You are too injured to fight recklessly!
You are too injured to fight recklessly!
You are too injured to fight recklessly!
You are too injured to fight recklessly!
You are too injured to fight recklessly!
You are too injured to fight recklessly!
You are too injured to fight recklessly!
You are too injured to fight recklessly!
You are too injured to fight recklessly!
You are too injured to fight recklessly!
Firing (i - inventory. (,) - cycle):
d - 6 arrows (quivered)
Press: ? - help, Shift-Dir - straight line, f/p - orc priest
Aim: an orc priest, wielding a club and wearing a ring mail (heavily wounded)
You shoot an arrow.
The arrow hits the orc priest but does no damage.
The orc priest is heavily wounded.
The orc priest invokes the aid of Beogh against you.
Something smites you!
You die...

#.( #.( #(( #.(####
#..(.. ..# #((.. ##.##
#(o# #... ##.@#
#..#####.##..#
#..##... #..#####
.####...#.#####......#
......#.......#.####.#
............#.#.# #.#
#........##.#.#.####.#
#...........#........#
#.........#####.######


You could see an orc priest.

Vanquished Creatures
  An orc wizard (D:3)
  3 adders
  An ooze (D:3)
  3 giant geckos (D:2)
  2 orcs (D:3)
  5 goblins
  6 hobgoblins
  7 kobolds
  3 bats
  2 giant cockroaches (D:2)
  3 giant newts
  4 rats
40 creatures vanquished.

Notes
Turn   | Place    | Note
--------------------------------------------------------------
     0 | D:1      | PossumBlood the High Elf Hunter began the quest for the Orb.
     0 | D:1      | Reached XP level 1. HP: 14/14 MP: 2/2
    75 | D:1      | Found a glowing golden altar of the Shining One.
   268 | D:1      | Reached XP level 2. HP: 19/19 MP: 3/3
   353 | D:1      | Reached skill level 6 in Bows
  1054 | D:2      | Found a sparkling altar of Nemelex Xobeh.
  1061 | D:2      | Reached XP level 3. HP: 24/24 MP: 4/4
  1112 | D:2      | Found a sacrificial altar of Ru.
  1200 | D:2      | Found a shimmering altar of Xom.
  1547 | D:3      | Reached skill level 7 in Bows
  1617 | D:3      | Reached XP level 4. HP: 22/29 MP: 5/5
  1723 | D:3      | Killed from afar by an orc priest

Action                   |  1- 3 |  4- 6 || total
-------------------------+-------+-------++-------
 Fire: Shortbow          |   108 |    27 ||   135
  Use: Scroll            |     7 |       ||     7
       Potion            |       |     1 ||     1
  Eat: Pizza             |     1 |       ||     1
       Royal jelly       |       |     1 ||     1
